 Dungeon Crawl Stone Soup version 0.32-a0-747-gc8563f6773 (webtiles) character file.

Game seed: 12449915414705398145

68 jasper the Trooper (level 4, -1/37 HPs)
             Began as a Demonspawn Shapeshifter on Mar 17, 2024.
             Was an Initiate of Cheibriados.
             Slain by a sleepcap (13 damage)
             ... on level 3 of the Dungeon.
             The game lasted 00:04:06 (2000 turns).

jasper the Trooper (Demonspawn Shapeshifter)        Turns: 2000, Time: 00:04:07

Health: -1/37      AC:  7    Str: 15    XL:     4   Next: 1%
Magic:  4/4        EV:  2    Int: 12    God:    Cheibriados [......]
Gold:   151        SH:  0    Dex: 19    Spells: 3/3 levels left

rFire   . .          .
                       - Unarmed
rCold   . . .        (no shield)
rNeg    . . .        g - +1 scale mail
rPois   +            (helmet currently unavailable)
rElec   .            (cloak currently unavailable)
rCorr   .            (gloves currently unavailable)
SInv    .            (boots currently unavailable)
Will    .....        (no amulet) Stlth
                     m - +5 ring of evasion
HPRegen 0.26/turn    t - ring of Onaor {rPois Dex+4}
MPRegen 0.09/turn

%: no passive effects
@: beast-form, sleeping, very slow
A: beast (slay +1), foul stench 1
a: Begin Untransformation, Renounce Religion


You were on level 3 of the Dungeon.
You worshipped Cheibriados.
Cheibriados was noncommittal.
You were a hulking beast.
You visited 1 branch of the dungeon, and saw 3 of its levels.

You collected 151 gold pieces.

Inventory:

Hand Weapons
 e - a +0 whip
 p - a +0 long sword
Missiles
 f - 34 stones (quivered)
 s - 9 boomerangs
Armour
 a - a +0 animal skin
 g - a +1 scale mail (worn)
 j - a +0 robe of cold resistance
 k - a +2 hat
Jewellery
 m - a +5 ring of evasion (left hand)
 o - a +6 ring of dexterity
 t - the ring of Onaor (right hand) {rPois Dex+4}
   (You found it on level 2 of the Dungeon)

   [ring of poison resistance]

   Dex+4:     It affects your dexterity (+4).
   rPois:     It protects you from poison.
Talismans
 c - a beast talisman (active)
 d - a flux talisman
Wands
 u - a wand of polymorph (10)
Scrolls
 i - 2 scrolls of teleportation
 l - 2 scrolls of revelation
 w - a scroll of poison {unknown}
 x - a scroll of blinking {unknown}
Potions
 b - 4 potions of lignification
 h - a potion of curing {unknown}
 n - a potion of cancellation
 q - 3 potions of brilliance {unknown}
 r - a potion of heal wounds {unknown}
 v - 2 potions of mutation {unknown}


   Skills:
 + Level 3.7 Fighting
 - Level 1.7 Dodging
 - Level 2.8 Unarmed Combat
 - Level 2.6 Shapeshifting


You had 3 spell levels left.
You didn't know any spells.
Your spell library was empty.

Dungeon Overview and Level Annotations

Branches:
Dungeon (3/15)

Altars:
Cheibriados

Shops:
D:3 :


Innate Abilities, Weirdness & Mutations

You are a hulking beast.
Your limbs bulge with bestial killing power. (Slay +1)
You may rarely emit foul miasma when damaged in melee.


Message History

You hit the frilled lizard.
You kill the frilled lizard!
Cheibriados appreciates the change of pace.
You see here a +0 club.
You see here a +0 club.
w - a scroll labelled DIFFUKLEVO
Found a club.
x - a scroll labelled SIPINO TECIPS
Found Fenaziyph's Book Boutique.
There is an entrance to Fenaziyph's Book Boutique here.
You can access your shopping list by pressing '$'.
f - 34 stones (gained 7)
A sleepcap comes into view.
A sleepcap is nearby!
You hit the sleepcap but do no damage.
The sleepcap releases spores at you but does no damage.
You hit the sleepcap but do no damage. The sleepcap releases spores at you!
You are engulfed in a cloud of soporific spores!
You fall asleep.
The sleepcap releases spores at you!
You wake up.
You are engulfed in a cloud of soporific spores!
You are unaffected.
You take 18 damage, and have 19/37 hp.
MASSIVE DAMAGE!!
You hit the sleepcap but do no damage.
The sleepcap releases spores at you but does no damage.
Unknown command.
You hit the sleepcap.
The sleepcap is lightly damaged.
The sleepcap releases spores at you.
You take 1 damage, and have 18/37 hp.
You hit the sleepcap but do no damage.
The sleepcap is lightly damaged.
The sleepcap releases spores at you.
You are engulfed in a cloud of soporific spores!
You fall asleep.
You emit a cloud of foul miasma!
The sleepcap is engulfed in dark miasma.
The sleepcap releases spores at you!
You die...
Cheibriados appreciates the motionlessness of death.

#...# ## # #...# #.
.. #...# #. .. #...#
#####. #.
######...####.....
#.##.............#)..
#...................
#fh............#.#.
#.######...####.....
#. ###...## ###.#. #.
#......# #.#. #.
#.#....# # .. #
#.#....# ### #....#.#
#. #.####.# #.
#######....#.# #.


You could see a sleepcap.

Vanquished Creatures
  Jessica (D:2)
  A dart slug (D:1)
  4 bats
  2 endoplasms (D:1)
  A giant cockroach (D:2)
  6 goblins
  8 hobgoblins
  3 ball pythons
  2 frilled lizards
  6 kobolds
  2 rats
36 creatures vanquished.

Notes
Turn   | Place    | Note
-------+----------+-------------------------------------------
     0 | D:1      | jasper the Demonspawn Shapeshifter began the quest for the
                  | Orb.
     0 | D:1      | Reached XP level 1. HP: 15/15 MP: 1/1
   413 | D:1      | Gained mutation: You may rarely emit foul miasma when
                  | damaged in melee. [demonic ancestry]
   413 | D:1      | Reached XP level 2. HP: 18/22 MP: 2/2
   418 | D:1      | Reached skill level 2 in Fighting
   955 | D:2      | Noticed Jessica
   955 | D:2      | Found a snail-covered altar of Cheibriados.
  1161 | D:2      | Reached XP level 3. HP: 26/28 MP: 3/3
  1166 | D:2      | Killed Jessica
  1167 | D:2      | Reached skill level 3 in Fighting
  1219 | D:2      | Became a worshipper of Cheibriados the Contemplative
  1534 | D:2      | Identified the ring of Onaor {rPois Dex+4}
  1893 | D:3      | Reached XP level 4. HP: 37/37 MP: 4/4
  1939 | D:3      | Found Fenaziyph's Book Boutique.
  2000 | D:3      | Slain by a sleepcap

Illustrated notes

Levels and vault maps discovered:
D:1:      elethiomel_arrival_maze, layout_basic
D:2:      layout_loops_ring, basic_altar, supply_closet_lemuel, uniq_jessica
D:3:      layout_loops_cross, serial_shops, shop, bh_walls_and_bars

Skill      XL: |  1  2  3 |
---------------+----------+-----
Fighting       | 2 3 |  3.7
Dodging        | |  1.7
Unarmed Combat | |  2.8
Shapeshifting  | |  2.6

Action                     |  1- 3 |  4- 6 || total
---------------------------+-------+-------++-------
  Melee: Unarmed           |   103 |     6 ||   109
         Punch             |     4 |       ||     4
    Use: Scroll            |     5 |       ||     5
 Armour: Scale mail        |    61 |     7 ||    68
         Animal skin       |     4 |       ||     4
  Dodge: Dodged            |    46 |       ||    46

Table legend: (Time is in decaauts)
 A = Elapsed time spent in this place.
 B = Non-inter-level travel time spent in this place.
 C = Inter-level travel time spent in this place.
 D = Time resting spent in this place.
 E = Time spent auto-exploring this place.
 F = Levels seen in this place.
 G = Mean time per level.
                   A        B        C        D        E       F      G
               +--------+--------+--------+--------+--------+-----+--------+
         Total |   2199 |   2009 |    190 |    168 |   1173 |   3 |  733.0 |
       Dungeon |   2199 |   2009 |    190 |    168 |   1173 |   3 |  733.0 |
               +--------+--------+--------+--------+--------+-----+--------+

Top non-repeatable levels by time:
     D:1: 1032 daAuts
     D:2: 869 daAuts
     D:3: 297 daAuts
